 Dungeon Crawl Stone Soup version 0.31-a0-1172-g9944ec47dd (webtiles) character file.

Game seed: 15436702785957140068

2368 Lobster4 the Conjurer (level 9, -1/72 HPs)
             Began as a White Draconian Conjurer on Dec 10, 2023.
             Was a Believer of Nemelex Xobeh.
             Slain by a death yak (16 damage)
             ... on level 8 of the Dungeon.
             The game lasted 00:23:42 (9656 turns).

Lobster4 the Conjurer (White Draconian Conjurer)    Turns: 9656, Time: 00:23:43

Health: -1/72      AC:  9    Str: 15    XL:     9   Next: 21%
Magic:  0/15       EV: 12    Int: 18    God:    Nemelex Xobeh [**....]
Gold:   239        SH:  0    Dex:  9    Spells: 10/16 levels left

rFire   + . .        J - +0 war axe (elec)
rCold   + + .        (no shield)
rNeg    . . .        (body armour unavailable)
rPois   .            (helmet restricted)
rElec   .            t - scarf {rC+ rF+}
rCorr   .            y - +1 Delatra's gloves {ID++}
SInv    .            (no boots)
Will    .....        d - amulet of guardian spirit
Stlth   ++           (no ring)
HPRegen 0.32/turn    (no ring)
MPRegen 0.14/turn

%: guardian spirit
@: no status effects
A: breathe frost, AC +7, unfitting armour, cold resistance 1, cold-blooded
a: Breathe Frost, Renounce Religion, Draw Escape, Draw Destruction, Draw
Summoning


You were on level 8 of the Dungeon.
You worshipped Nemelex Xobeh.
Nemelex Xobeh was pleased with you.
You visited 2 branches of the dungeon, and saw 9 of its levels.

You collected 469 gold pieces.
You spent 230 gold pieces at shops.

Inventory:

Hand Weapons
 a - a +0 dagger
 b - a +0 sling
 A - a +0 shortbow of electrocution
 C - the +3 sling of the Arena {antimagic, rPois rF+ rC-}
   (You found it on level 4 of the Dungeon)

   rF+:       It protects you from fire.
   rC-:       It makes you vulnerable to cold.
   rPois:     It protects you from poison
 I - a +4 mace
 J - a +0 war axe of electrocution (weapon)
 M - a +5 dagger
Missiles
 i - 8 poisoned darts
 v - 2 javelins
 x - 2 boomerangs
Armour
 t - a scarf of resistance (worn)
 y - the +1 Delatra's gloves (worn) {ID++}
   (You found it on level 4 of the Dungeon)

   ID++:      It heals its wearer when they drink unknown potions, and restores
   their MP when they read unknown scrolls.
Magical Staves
 h - a staff of poison
Jewellery
 d - an amulet of guardian spirit (around neck)
 F - a ring of fire
 O - a ring of protection from cold
Talismans
 H - a blade talisman
Wands
 q - a wand of roots (9)
 G - a wand of quicksilver (3)
 K - a wand of paralysis (9)
Scrolls
 c - 2 scrolls of fog {unknown}
 e - a scroll of vulnerability {unknown}
 f - a scroll of fear {unknown}
 o - 2 scrolls of teleportation
 s - 2 scrolls of revelation {unknown}
 u - 2 scrolls of enchant armour {unknown}
 z - a scroll of blinking
 D - a scroll of torment
 L - 3 scrolls of silence {unknown}
 N - a scroll of enchant weapon {unknown}
Potions
 g - a potion of magic
 j - 4 potions of heal wounds {unknown}
 k - 2 potions of lignification
 l - 2 potions of might
 m - 3 potions of brilliance
 n - 2 potions of haste
 p - 3 potions of mutation
 r - 5 potions of curing
 w - 2 potions of resistance
 B - a potion of attraction
 E - a potion of cancellation


   Skills:
 + Level 4.7 Fighting
 - Level 0.6(1.0) Axes
 - Level 0.9(1.0) Maces & Flails
 + Level 2.9 Ranged Weapons
 + Level 4.4 Dodging
 - Level 2.0 Stealth
 + Level 4.4 Unarmed Combat
 + Level 4.4 Spellcasting
 + Level 6.0 Conjurations
 + Level 2.0 Summonings
 + Level 3.2 Ice Magic
 + Level 3.0 Invocations
 + Level 2.7 Evocations


You had 10 spell levels left.
You knew the following spells:

 Your Spells              Type           Power      Damage    Failure   Level
a - Magic Dart            Conj           100%       1d8       1%          1
b - Searing Ray           Conj           50%        2d6       1%          2
c - Hailstorm             Conj/Ice       20%        3d7       6%          3

Your spell library contained the following spells:

 Spells                   Type           Power      Damage    Failure   Level
 Call Imp                 Summ           22%        N/A       9%          2
 Dazzling Flash           Conj/Hex       28%        N/A       12%         3
 Mephitic Cloud           Conj/Pois/Air  11%        N/A       19%         3
 Lesser Beckoning         Tloc           8%         N/A       22%         2
 Gell's Gravitas          Tloc           4%         N/A       38%         3
 Teleport Other           Tloc           4%         N/A       38%         3
 Fulminant Prism          Conj/Hex       7%         3d7       38%         4
 Iskenderun's Mystic Bla  Conj/Tloc      14%        2d5       38%         4
 Summon Ice Beast         Ice/Summ       13%        N/A       43%         4
 Simulacrum               Ice/Necr       4%         N/A       100%        6


Dungeon Overview and Level Annotations

Branches:
Dungeon (8/15)             Temple (1/1) D:5
   Lair: D:8-11

Altars:
Ashenzari
Cheibriados
Dithmenos
Fedhas
Hepliaklqana
Kikubaaqudgha
Makhleb
Nemelex Xobeh
Okawaru
Qazlal
Ru
Trog
Uskayaw
Vehumet
Wu Jian
Xom
Yredelemnul
Zin
The Shining One

Shops:
D:2 *   D:4 *

Annotations:
D:3 Ijyb
D:4 1 runed translucent door, Crazy Yiuf


Innate Abilities, Weirdness & Mutations

You can breathe waves of freezing cold which knock back foes.
Your icy white scales are hard. (AC +7)
You cannot fit into any form of body armour.
Your flesh is cold resistant. (rC+)
You are cold-blooded and may be slowed by cold attacks.


Message History

(Press . to maintain the ray.)
The searing ray hits the death yak but does no damage.
The death yak is severely wounded.
The searing ray hits the death yak!
The death yak is almost dead.
The searing ray misses the death yak.
You finish channelling your searing ray.
The death yak misses you.
Casting: Searing Ray (safe; 1% risk of failure)
Confirm with . or Enter, or press ? or * to list all spells.
Aiming: Searing Ray (safe; 1% risk of failure)
Press: ? - help, Shift-Dir - straight line, f/p - death yak
Aim: a death yak (almost dead, lightly drained, 93% to hit)
The searing ray hits the death yak.
The death yak is almost dead. (Press . to maintain the ray.)
The death yak gores you.
* * * LOW HITPOINT WARNING * * *
The searing ray hits the death yak.
The death yak is almost dead.
The death yak closely misses you.
The searing ray hits the death yak.
The death yak is almost dead.
The death yak seems less drained.
The death yak barely misses you.
The searing ray hits the death yak but does no damage.
The death yak is almost dead.
You finish channelling your searing ray.
The death yak gores you.
* * * LOW HITPOINT WARNING * * *
Casting: Searing Ray (safe; 1% risk of failure)
Confirm with . or Enter, or press ? or * to list all spells.
Aiming: Searing Ray (safe; 1% risk of failure)
Press: ? - help, Shift-Dir - straight line, f/p - death yak
Aim: a death yak (almost dead, 93% to hit)
The searing ray hits the death yak.
The death yak is almost dead. (Press . to maintain the ray.)
The death yak gores you!!
You die...
Your body glows slightly and disappears.

#.#### ##'## #.# #.#
#># #Y# #.# #.# ###
#.# #.# ##.###.##
#.# #.# ##...#.#.##
#.# #.# #.....###.##
#.# #..
........##.##.# #.#
#####........#####.#
#####...@Y.....#
##.######### ###


You could see a death yak.

Vanquished Creatures
  6 water moccasins
  A black bear (D:6)
  2 ice beasts
  An ogre (D:5)
  2 centaurs
  A bullfrog (D:7)
  A scorpion (D:4)
  7 wights
  5 killer bees (D:8)
  3 hounds (D:6)
  An orc priest (D:4)
  3 sleepcaps
  2 iguanas
  11 gnolls
  4 adders
  A shadow imp (D:8)
  A white imp (D:5)
  2 ufetubi (D:7)
  A worm (D:2)
  2 dart slugs (D:2)
  18 orcs
  4 bats
  4 endoplasms
  2 giant cockroaches
  4 goblins
  9 hobgoblins
  12 jackals
  2 kobolds
  2 quokkas (D:5)
  6 ball pythons
  9 frilled lizards
  5 rats
134 creatures vanquished.

Notes
Turn   | Place    | Note
-------+----------+-------------------------------------------
     0 | D:1      | Lobster4 the Draconian Conjurer began the quest for the
                  | Orb.
     0 | D:1      | Reached XP level 1. HP: 14/14 MP: 3/3
   284 | D:1      | Reached XP level 2. HP: 16/22 MP: 1/5
   776 | D:1      | Reached skill level 1 in Fighting
   784 | D:1      | Learned a level 2 spell: Searing Ray
  1126 | D:1      | Reached XP level 3. HP: 28/28 MP: 4/6
  1399 | D:2      | Reached skill level 1 in Unarmed Combat
  1976 | D:2      | Found Hygai's General Store.
  2002 | D:2      | Bought a scroll of identify for 28 gold pieces
  2006 | D:2      | Bought a potion of invisibility for 112 gold pieces
  2455 | D:3      | Reached XP level 4. HP: 35/35 MP: 1/7
  2677 | D:3      | Noticed Ijyb
  3440 | D:3      | Found an ornate altar of the Wu Jian Council.
  3675 | D:4      | Reached XP level 5. HP: 35/41 MP: 2/9
  3905 | D:4      | Found the +1 Delatra's gloves {ID++}
  4280 | D:4      | Found a shadowy altar of Dithmenos.
  4287 | D:4      | Identified the +3 sling of the Arena {antimagic, rPois rF+
                  | rC-}
  4447 | D:4      | Found a glowing silver altar of Zin.
  4496 | D:4      | Found Gucrauf's General Store.
  4499 | D:4      | Bought a scroll of blinking for 90 gold pieces
  4528 | D:4      | Found a runed translucent door.
  4529 | D:4      | Noticed Crazy Yiuf
  4745 | D:5      | Entered Level 5 of the Dungeon
  4900 | D:5      | Noticed a centaur
  4917 | D:5      | Killed a centaur
  4918 | D:5      | Reached XP level 6. HP: 31/50 MP: 0/10
  5059 | D:5      | Noticed a water moccasin
  5067 | D:5      | Killed a water moccasin
  5068 | D:5      | Reached skill level 5 in Conjurations
  5142 | D:5      | Reached skill level 1 in Ranged Weapons
  5142 | D:5      | Your scales start taking on an icy white colour.
  5142 | D:5      | Reached XP level 7. HP: 57/57 MP: 4/12
  5142 | D:5      | Gained mutation: Your flesh is cold resistant. (rC+) [White
                  | Draconian growth]
  5412 | D:5      | Found a staircase to the Ecumenical Temple.
  5417 | Temple   | Entered the Ecumenical Temple
  5429 | Temple   | Became a worshipper of Nemelex Xobeh the Trickster
  5704 | D:5      | Learned a level 3 spell: Hailstorm
  6189 | D:5      | Found a bloodstained altar of Trog.
  6752 | D:6      | Reached * piety under Nemelex Xobeh
  6776 | D:6      | Reached skill level 1 in Invocations
  6776 | D:6      | Reached skill level 1 in Evocations
  6930 | D:6      | Found a hazy altar of Hepliaklqana.
  6945 | D:6      | Reached skill level 1 in Ice Magic
  7220 | D:6      | Found a stormy altar of Qazlal.
  7222 | D:6      | Noticed a fire elemental
  7222 | D:6      | Noticed a water elemental
  7222 | D:6      | Noticed an air elemental
  7403 | D:6      | Reached XP level 8. HP: 58/66 MP: 3/13
  7989 | D:7      | Received a gift from Nemelex Xobeh
  8049 | D:7      | Reached skill level 1 in Summonings
  9139 | D:8      | Reached XP level 9. HP: 68/72 MP: 8/15
  9351 | D:8      | Reached skill level 6 in Conjurations
  9490 | D:8      | Reached ** piety under Nemelex Xobeh
  9524 | D:8      | Noticed a death yak
  9656 | D:8      | Slain by a death yak

Illustrated notes

Levels and vault maps discovered:
D:1:      kilobyte_arrival_exit_the_forest, layout_basic,
          dreamdust_wishing_well, minmay_liquid_box, dk_noncrumbling_3,
          grunt_decor_clamped, chequers_avenue
D:2:      layout_basic, serial_shops, nicolae_square_shop, grunt_decor_arrowhead
D:3:      layout_loops_cross, nicolae_overflow_hidden_temple,
          mainiacjoe_overflow_two_lobes, uniq_ijyb
D:4:      layout_loops_ring, nicolae_dithmenos_through_a_glass_darkly,
          mainiacjoe_overflow_catwalk, serial_shops,
          nicolae_shop_real_fake_doors, uniq_crazy_yiuf_cottage
D:5:      lemuel_ice_spiral_2, layout_basic, trog_butcher_becter,
          temple_doors_ab, kennysheep_minor_cross
D:6:      layout_rooms, mainiacjoe_overflow_cross_hatched,
          nicolae_qazlal_style_of_elements
D:7:      layout_cave_pods, dreamdust_mushroom_princess
D:8:      layout_loops_corners, dpeg_lair_monsters
Temple:   nicolae_temple_bog_church

Skill      XL: |  1  2  3  4  5  6  7  8  9 |
---------------+----------------------------+-----
Stealth        | 2 |  2.0
Dodging        | 2 3 4 |  4.4
Fighting       | 1 2 3 4 |  4.7
Unarmed Combat | 1 2 3 4 |  4.4
Spellcasting   | 3 4 |  4.4
Conjurations   | 5 6 |  6.0
Ranged Weapons | 1 2 |  2.9
Invocations    | 1 2 3 |  3.0
Evocations     | 1 2 |  2.7
Ice Magic      | 1 3 |  3.2
Summonings     | 1 2 |  2.0
Axes           | |  0.6
Maces & Flails | |  0.9

Action                     |  1- 3 |  4- 6 |  7- 9 || total
---------------------------+-------+-------+-------++-------
  Melee: Unarmed           |    15 |       |       ||    15
         Tailslap          |    15 |     7 |     3 ||    25
         Dagger            |    73 |    38 |    21 ||   132
         Punch             |     2 |       |       ||     2
         War axe           |       |       |    11 ||    11
   Fire: Sling             |    37 |       |       ||    37
  Throw: Dart              |       |     5 |       ||     5
   Cast: Magic Dart        |    55 |    58 |    91 ||   204
         Searing Ray       |     2 |    14 |    52 ||    68
         Hailstorm         |       |       |     1 ||     1
 Invoke: Draw Destruction  |       |       |     2 ||     2
Ability: Breathe Frost     |       |       |     5 ||     5
    Use: Scroll            |     5 |       |     9 ||    14
         Potion            |       |     2 |       ||     2
   Stab: Sleeping          |       |     1 |     1 ||     2
 Armour: Skin              |    79 |    49 |   134 ||   262
  Dodge: Dodged            |   101 |    43 |    93 ||   237

Table legend: (Time is in decaauts)
 A = Elapsed time spent in this place.
 B = Non-inter-level travel time spent in this place.
 C = Inter-level travel time spent in this place.
 D = Time resting spent in this place.
 E = Time spent auto-exploring this place.
 F = Levels seen in this place.
 G = Mean time per level.
                   A        B        C        D        E       F      G
               +--------+--------+--------+--------+--------+-----+--------+
         Total |   9694 |   9090 |    604 |   1129 |   6525 |   9 | 1077.1 |
       Dungeon |   9671 |   9083 |    588 |   1129 |   6525 |   8 | 1208.9 |
        Temple |     23 |      7 |     16 |      0 |      0 |   1 |   23.0 |
               +--------+--------+--------+--------+--------+-----+--------+

Top non-repeatable levels by time:
     D:5: 1637 daAuts
     D:7: 1409 daAuts
     D:1: 1358 daAuts
     D:3: 1342 daAuts
     D:6: 1141 daAuts
     D:2: 1140 daAuts
     D:4: 1106 daAuts
     D:8: 533 daAuts
  Temple: 23 daAuts
